 Dungeon Crawl Stone Soup version 0.29-a0-317-gd16b76e6b1 (webtiles) character file.

Game seed: 14102631484873030864

2677 Bnni the Martial Artist (level 9, -12/64 HPs)
             Began as an Octopode Fighter on Apr 1, 2022.
             Was an Initiate of Gozag.
             Mangled by Menkaure (23 damage)
             ... on level 7 of the Dungeon.
             The game lasted 00:14:19 (8721 turns).

Bnni the Martial Artist (Octopode Fighter)          Turns: 8721, Time: 00:14:20

Health: -12/64     AC:  1    Str: 15    XL:     9   Next: 64%
Magic:  9/9        EV: 16    Int: 11    God:    Gozag
Gold:   718        SH:  6    Dex: 15    Spells: 8/8 levels left

rFire   + + .      SeeInvis .     - Unarmed
rCold   . . .      Faith    .   a - +1 buckler
rNeg    . . .      Spirit   .   (helmet restricted)
rPois   .          Reflect  .   (no amulet)
rElec   .          Harm     .   d - ring of protection from fire
rCorr   .          Rampage  .   m - ring of protection from fire
Will    .....                   (no ring)
Stlth   +++.......              (no ring)
HPRegen 0.20/turn               (no ring)
MPRegen 0.11/turn               (no ring)
                                (no ring)
                                (no ring)

@: gold aura
A: almost no armour, amphibious, 8 rings, camouflage 1, gelatinous body 1,
(nimble swimmer 1), tentacles
a: Renounce Religion, Potion Petition, Call Merchant, Bribe Branch


You were on level 7 of the Dungeon.
You worshipped Gozag.
Gozag was pleased with you.
You visited 2 branches of the dungeon, and saw 8 of its levels.
You also visited: Sewer.

You collected 867 gold pieces.
You paid 149 gold pieces to Gozag.

Inventory:

Hand Weapons
 l - a +1 antimagic whip
 u - a +1 dagger of venom
Missiles
 p - a throwing net (quivered)
Armour
 a - a +1 buckler (worn)
Jewellery
 d - a ring of protection from fire (left tentacle)
 m - a ring of protection from fire (right tentacle)
 q - a ring of fire
Wands
 s - a wand of polymorph (8)
 t - a wand of digging (10)
Scrolls
 c - 4 scrolls of teleportation
 g - 3 scrolls of enchant armour
 i - 3 scrolls of identify
Potions
 b - 2 potions of brilliance
 e - 2 potions of mutation
 f - 3 potions of magic
 h - 6 potions of curing
 j - 3 potions of haste
 k - a potion of heal wounds
 n - a potion of berserk rage
 o - a potion of might
 r - a potion of invisibility


   Skills:
 + Level 7.0 Fighting
 + Level 7.1 Dodging
 - Level 0.7 Stealth
 - Level 3.0 Shields
 * Level 9.4 Unarmed Combat


You had 8 spell levels left.
You didn't know any spells.
Your spell library contained the following spells:

 Spells                   Type           Power      Damage    Failure   Level
 Ensorcelled Hibernation  Hex/Ice        0%         N/A       56%         2
 Passwall                 Tmut/Erth      0%         N/A       56%         2
 Call Canine Familiar     Summ           0%         N/A       80%         3
 Portal Projectile        Hex/Tloc       0%         N/A       80%         3
 Swiftness                Air            0%         N/A       80%         3
 Animate Dead             Necr           0%         N/A       99%         4
 Leda's Liquefaction      Hex/Erth       0%         N/A       99%         4
 Haunt                    Necr/Summ      0%         N/A       100%        7
 Infestation              Necr           0%         N/A       100%        8


Dungeon Overview and Level Annotations

Branches:
Dungeon (7/15)             Temple (1/1) D:5           Sewer (visited)

Altars:
Cheibriados
Dithmenos
Elyvilon
Fedhas
Gozag
Makhleb
Nemelex Xobeh
Okawaru
Qazlal
Ru
Sif Muna
Trog
Uskayaw
Vehumet
Xom
Yredelemnul
Zin
The Shining One

Shops:
D:4 (

Annotations:
D:7 Menkaure


Innate Abilities, Weirdness & Mutations

You cannot wear most types of armour.
You are amphibious.
You can wear up to eight rings at the same time.
Your skin changes colour to match your surroundings (Stealth+).
Your rubbery body absorbs attacks. (AC +1, EV +1)
((You are camouflaged when in or above water. (Stealth+)))
You have tentacles for arms and can constrict up to eight enemies at once.


Message History

You squeeze the centaur!
You kill the centaur!
Your Fighting skill increases to level 7!
No target in view!
You now have 718 gold pieces (gained 22).
You see here a +0 shortbow.
Menkaure and a hound come into view.
Found 9 gold pieces.
Menkaure shouts!
The hound barks!
Menkaure forgets how to speak, silenced by the ages.
You block the hound's attack.
You tentacle-slap the hound. Your grab misses the hound.
Your squeeze misses the hound.
The hound is moderately wounded.
You block the hound's attack.
You barely miss the hound. Your grab misses the hound.
The hound is moderately wounded.
The hound misses you.
Menkaure calls on the powers of darkness!
The hound convulses!
Your body is wracked with pain!
The hound closely misses you.
You bludgeon the hound!
You kill the hound!
Menkaure calls on the powers of darkness!
Your body is wracked with pain!
* * * LOW HITPOINT WARNING * * *
You see here 6 gold pieces.
You are too injured to fight recklessly!
You are too injured to fight recklessly!
You tentacle-slap Menkaure. You grab Menkaure.
Menkaure is moderately damaged.
You constrict Menkaure.
Menkaure calls on the powers of darkness!
Your body is wracked with pain!
* * * LOW HITPOINT WARNING * * *
You bludgeon Menkaure!
Menkaure is heavily damaged.
You constrict Menkaure. Menkaure hits you!!
You die...
Your body crumbles into a pile of gold.

#.#..# #.# #.#..#
#.####
#.#..########.....
..#............###
###.##########.# $
#.# #.# #.# #.#
#####.###### #.###
#.M@....$...#
#....
#.###.#####.#
##### # #.# #.#
#.. ##. .# .#


You could see Menkaure.

Vanquished Creatures
  Grinder (D:3)
  Duvessa (D:5)
  4 water moccasins
  Pargi (Sewer)
  A black bear (D:7)
  An ice beast (D:6)
  2 ogres
  2 centaurs
  A phantom (D:6)
  A scorpion (D:4)
  A necrophage (D:5)
  Dowan (D:5)
  3 howler monkeys
  A jelly (D:4)
  3 hounds
  3 gnoll shamans
  Crazy Yiuf (D:5)
  3 orc priests
  4 iguanas
  5 orc wizards
  Terence (D:3)
  22 gnolls
  6 adders
  A white imp (D:3)
  A dart slug (D:5)
  45 orcs
  7 bats
  3 endoplasms
  5 giant cockroaches
  3 goblins
  5 hobgoblins
  21 jackals
  2 quokkas
  6 ball pythons
  3 frilled lizards
  9 kobolds
180 creatures vanquished.

Vanquished Creatures (others)
  6 plants
6 creatures vanquished.

Grand Total: 186 creatures vanquished

Notes
Turn   | Place    | Note
-------+----------+-------------------------------------------
     0 | D:1      | Bnni the Octopode Fighter began the quest for the Orb.
     0 | D:1      | Reached XP level 1. HP: 16/16 MP: 1/1
     3 | D:1      | You fall into a shaft and drop 1 floor!
   313 | D:1      | Reached XP level 2. HP: 17/21 MP: 2/2
   416 | D:1      | Found a faded altar of an unknown god.
  1033 | D:2      | Reached XP level 3. HP: 21/26 MP: 3/3
  1293 | D:2      | Reached skill level 3 in Unarmed Combat
  1852 | D:3      | Noticed Grinder
  1865 | D:3      | Killed Grinder
  1866 | D:3      | Reached skill level 4 in Unarmed Combat
  1866 | D:3      | Reached XP level 4. HP: 28/33 MP: 4/4
  1866 | D:3      | Reached XP level 5. HP: 31/37 MP: 5/5
  1866 | D:3      | Reached XP level 6. HP: 36/43 MP: 6/6
  2178 | D:3      | Noticed Terence
  2187 | D:3      | Killed Terence
  2539 | D:3      | Reached skill level 5 in Unarmed Combat
  2698 | D:3      | Reached XP level 7. HP: 37/49 MP: 7/7
  3113 | D:3      | Reached skill level 6 in Unarmed Combat
  3116 | D:3      | Reached skill level 5 in Dodging
  3248 | D:3      | Reached skill level 5 in Fighting
  3704 | D:3      | Reached XP level 8. HP: 49/55 MP: 8/8
  4239 | D:4      | Found Unianel's Weapon Shop.
  4305 | D:4      | Found a glowing drain.
  4338 | Sewer    | Entered a sewer
  4361 | Sewer    | Noticed Pargi
  4650 | Sewer    | Killed Pargi
  4970 | D:4      | Reached skill level 7 in Unarmed Combat
  5589 | D:5      | Entered Level 5 of the Dungeon
  5644 | D:5      | Noticed Duvessa
  5645 | D:5      | Noticed Dowan
  5650 | D:5      | Found a staircase to the Ecumenical Temple.
  5658 | D:5      | Killed Duvessa
  5665 | D:5      | Killed Dowan
  5693 | Temple   | Entered the Ecumenical Temple
  5813 | Temple   | Became a worshipper of Gozag Ym Sagoz the Greedy
  6112 | D:5      | Reached skill level 8 in Unarmed Combat
  6117 | D:5      | Reached XP level 9. HP: 54/62 MP: 9/9
  6363 | D:5      | Found a runed translucent door.
  6364 | D:5      | Noticed Crazy Yiuf
  6378 | D:5      | Killed Crazy Yiuf
  7671 | D:6      | Found a glowing silver altar of Zin.
  7674 | D:6      | Found a basalt altar of Yredelemnul.
  7709 | D:6      | Found a burning altar of Makhleb.
  7710 | D:6      | Found a snail-covered altar of Cheibriados.
  7713 | D:6      | Found a white marble altar of Elyvilon.
  7966 | D:6      | Reached skill level 9 in Unarmed Combat
  8478 | D:7      | Found a shimmering altar of Xom.
  8714 | D:7      | Noticed Menkaure
  8721 | D:7      | Mangled by Menkaure

Illustrated notes

Levels and vault maps discovered:
D:1:      sevenhm_arrival_forest_fort_large_4, layout_basic,
          dilly_ecumenical_altar_fadedgnrine
D:2:      layout_basic
D:3:      lemuel_castle_with_subvaults [lemuel_castle_interior_original],
          layout_basic, uniq_terence, uniq_grinder
D:4:      layout_loops_ring, gup_sewer_entry_glass, serial_shops,
          nicolae_shop_waterfront
D:5:      layout_cave_pools, minmay_temple_entry_stoned_glass,
          lemuel_flame_loot_1, uniq_duvessa, uniq_crazy_yiuf_cottage
D:6:      layout_loops_ring, minitemple, serial_bayou_pond_a
D:7:      layout_loops_ring, mainiacjoe_overflow_concentric_impassable,
          uniq_menkaure
Temple:   regret_index_temple_waves

Skill      XL: |  1  2  3  4  5  6  7  8  9 |
---------------+----------------------------+-----
Unarmed Combat | 4 5 6 8 9 |  9.4
Fighting       | 4 5 6 7 |  7.0
Dodging        | 4 5 6 7 |  7.1
Stealth        | |  0.7
Shields        | |  3.0

Action                   |  1- 3 |  4- 6 |  7- 9 || total
-------------------------+-------+-------+-------++-------
Melee: Unarmed           |    71 |    77 |   316 ||   464
       Tentacles         |    19 |    18 |    82 ||   119
       Constrict         |    17 |    23 |    81 ||   121
       Punch             |       |     3 |    20 ||    23
       Dagger            |       |       |     1 ||     1
Throw: Throwing net      |       |       |     3 ||     3
  Use: Potion            |     1 |       |     1 ||     2
       Scroll            |       |       |    13 ||    13
 Stab: Sleeping          |     4 |     6 |    10 ||    20
       Held in net/web   |       |       |     1 ||     1
       Distracted        |       |       |     3 ||     3
       Invisible         |       |       |     1 ||     1
Armor: Skin              |     4 |     9 |    17 ||    30
Dodge: Dodged            |    47 |    44 |   131 ||   222
Block: Buckler           |    13 |    14 |    48 ||    75

Table legend: (Time is in decaauts)
 A = Elapsed time spent in this place.
 B = Non-inter-level travel time spent in this place.
 C = Inter-level travel time spent in this place.
 D = Time resting spent in this place.
 E = Time spent auto-exploring this place.
 F = Levels seen in this place.
 G = Mean time per level.
                   A        B        C        D        E       F      G
               +--------+--------+--------+--------+--------+-----+--------+
         Total |   8684 |   8373 |    311 |   1385 |   5228 |   9 |  964.9 |
       Dungeon |   7999 |   7732 |    267 |   1248 |   5117 |   7 | 1142.7 |
        Temple |    165 |    121 |     44 |      0 |    102 |   1 |  165.0 |
         Sewer |    519 |    519 |      0 |    137 |      9 |   1 |  519.0 |
               +--------+--------+--------+--------+--------+-----+--------+

Top non-repeatable levels by time:
     D:3: 2286 daAuts
     D:6: 1515 daAuts
     D:5: 1152 daAuts
     D:4: 983 daAuts
     D:1: 931 daAuts
     D:2: 851 daAuts
   Sewer: 519 daAuts
     D:7: 278 daAuts
  Temple: 165 daAuts
